AoeStats
← WENDIGO

Arabia

510239394Analyzed
1v1 RM · 17h ago on Sep 30, 2026· 25m 4s· 2 players
Game mode
Random Map
Map size
Tiny (2 player)
Population
200
Speed
Normal
Resources
Standard
Victory
Conquest
Starting age
Dark Age
Ending age
Imperial Age
RankedLock teamsTeams togetherTeam positionsShared explorationLock speedFull tech treeHidden civsTurbo modeCheats
Victory
Defeat
🇲🇽 Inca · Mexico
824
+15
🇲🇽 Huns · Mexico
808
-15
JamonRush
8:55 Loom
10:48 Feudal Age
15:48 Castle Age
14:48 Double-Bit Axe
14:58 Horse Collar
21:26 Bloodlines
22:16 Heavy Plow
22:30 Bow Saw
22:53 Scale Barding Armor
WENDIGO
4:37 Loom
12:42 Feudal Age
13:18 Double-Bit Axe
13:17 Horse Collar
14:26 Wheelbarrow
14:47 Gold Mining
14:59 Stone Mining
19:19 Castle Age
17:48 Scale Mail Armor
20:36 Forging
22:04 Bow Saw
23:24 Iron Casting
Connection lost

Rejoining the realm…

Still unreachable

The connection could not be restored.

Session expired

The server has moved on; the page needs a fresh start.